 Dungeon Crawl Stone Soup version 0.31-a0-231-g51bb95cda3 (webtiles) character file.

Game seed: 7481926391091641574

1035 qw the Skirmisher (level 8, -6/68 HPs)
             Began as a Minotaur Hexslinger on July 6, 2023.
             Was an Initiate of Okawaru.
             Mangled by a gnoll sergeant
             ... wielding a +0 trident
              (10 damage)
             ... on level 5 of the Dungeon.
             The game lasted 00:01:50 (5079 turns).

qw the Skirmisher (Minotaur Hexslinger)             Turns: 5079, Time: 00:01:51

Health: -6/68      AC:  8    Str: 14    XL:     8   Next: 3%
Magic:  8/8        EV: 12    Int: 10    God:    Okawaru [......]
Gold:   187        SH:  0    Dex: 20    Spells: 8/9 levels left

rFire   . . .        Y - +3 sling (flame)
rCold   . . .        (no shield)
rNeg    . . .        h - +0 ring mail
rPois   .            (helmet restricted)
rElec   .            (no cloak)
rCorr   .            b - +2 pair of gloves
SInv    .            (no boots)
Will    .....        j - amulet of the acrobat
Stlth   +            i - +6 ring of dexterity
HPRegen 0.31/turn    (no ring)
MPRegen 0.11/turn

%: acrobat
@: slowed, very slow
A: horns 2, retaliatory headbutt
a: Renounce Religion


You were on level 5 of the Dungeon.
You worshipped Okawaru.
Okawaru was noncommittal.
You visited 2 branches of the dungeon, and saw 6 of its levels.

You collected 187 gold pieces.


Innate Abilities, Weirdness & Mutations

You have a pair of horns on your head.
You reflexively headbutt those who attack you in melee.


   Skills:
 - Level 5.2 Fighting
 + Level 8.8 Ranged Weapons
 - Level 2.2 Armour
 - Level 3.0 Dodging
 - Level 1.0 Spellcasting
 - Level 2.0 Hexes


You had 8 spell levels left.
You knew the following spells:

 Your Spells              Type           Power      Damage    Failure   Level
a - Slow                  Hex            16%        N/A       30%         1

Your spell library contained the following spells:

 Spells                   Type           Power      Damage    Failure   Level
 Inner Flame              Hex/Fire       2%         N/A       80%         3
 Portal Projectile        Hex/Tloc       4%         N/A       80%         3
 Cause Fear               Hex            2%         N/A       96%         4

Inventory:

Hand Weapons
 Y - a +3 sling of flaming (weapon)
Armour
 b - a +2 pair of gloves (worn)
 h - a +0 ring mail (worn)
Jewellery
 i - a +6 ring of dexterity (left hand)
 j - an amulet of the acrobat (around neck)
 n - a ring of poison resistance
Scrolls
 a - a scroll of identify
Potions
 c - a potion of mutation
 e - a potion of haste {unknown}
 f - a potion of lignification {unknown}
 g - 2 potions of curing {unknown}
 k - a potion of brilliance {unknown}
 l - 2 potions of might {unknown}
 m - a potion of enlightenment

Dungeon Overview and Level Annotations

Branches:
Dungeon (5/15)             Temple (1/1) D:5

Altars:
Ashenzari
Cheibriados
Dithmenos
Elyvilon
Fedhas
Gozag
Makhleb
Nemelex Xobeh
Okawaru
Ru
Sif Muna
Trog
Uskayaw
Vehumet
Xom
Yredelemnul
Zin


Message History

The gnoll sergeant hits you but does no damage.
You shoot a sling bullet.
The sling bullet hits the wraith but does no damage.
The wraith is heavily damaged.
The wraith hits you! The wraith drains your vigour!
You feel as though you will be slow longer.
The gnoll sergeant hits you from afar with a +0 trident.
The wraith barely misses you.
The gnoll sergeant hits you from afar with a +0 trident!
5075 ||| DRINKING 3 potions of heal wounds.
You feel much better. The wraith hits you! The wraith drains your vigour!
You feel as though you will be slow longer.
The gnoll sergeant hits you from afar with a +0 trident.
5076 ||| DRINKING 2 potions of heal wounds.
You feel much better. The wraith hits you! The wraith drains your vigour!
You feel as though you will be slow longer.
The gnoll sergeant closely misses you. The wraith hits you!
The wraith drains your vigour!
You feel as though you will be slow longer.
The gnoll sergeant hits you from afar with a +0 trident!
5077 ||| DRINKING potion of heal wounds.
You feel much better. The wraith hits you. The wraith drains your vigour!
You feel as though you will be slow longer.
The gnoll sergeant hits you from afar with a +0 trident!
You shoot a sling bullet. The sling bullet hits the wraith.
The sling bullet burns the wraith.
The wraith is severely damaged.
The wraith hits you but does no damage. The gnoll sergeant closely misses you.
The wraith hits you but does no damage. The gnoll sergeant closely misses you.
You shoot a sling bullet.
The sling bullet hits the wraith but does no damage.
The wraith is severely damaged.
The wraith barely misses you. You furiously retaliate!
You headbutt the wraith!
The gnoll sergeant hits you from afar with a +0 trident!
The wraith hits you!
The gnoll sergeant hits you from afar with a +0 trident!
You die...

#.....##
.##.....).... ###
#.....# ..#.<...#....
..# #.....#
###)#.....##... #.#
#.....#
##.#.#.....##.#. #.#
#.....#
##.#..#.....##.#. #.#
#######
#.###.#.....##.#. #.#
#.####.#..########.#.
#.# #.gW#.###.# #.##
#.# #@#.#..# #... ..#
######.# #### ###
#..# ###### #.##
....(# #.# ####.# #.#
#.# #.# #.# #.# #.#
#.#


You could see a wraith and a gnoll sergeant.

Vanquished Creatures
  Eustachio (D:5)
  An ice beast (D:4)
  A jelly (D:5)
  6 hounds
  2 gnoll boudas
  3 orc priests
  2 iguanas
  2 orc wizards (D:5)
  14 gnolls
  7 adders
  A white imp (D:5)
  2 ufetubi
  4 worms
  A dart slug (D:1)
  14 orcs
  10 endoplasms
  6 giant cockroaches
  4 goblins
  6 hobgoblins
  3 jackals (D:3)
  6 quokkas
  9 ball pythons
  7 bats
  6 frilled lizards
  10 kobolds
  10 rats
138 creatures vanquished.

Notes
Turn   | Place    | Note
-------+----------+-------------------------------------------
     0 | D:1      | qw the Minotaur Hexslinger began the quest for the Orb.
     0 | D:1      | Reached XP level 1. HP: 16/16 MP: 1/1
     0 | D:1      | 0 ||| qw: Version: 0.3-a-46-gb1f654a
     0 | D:1      | 0 ||| qw: Game counter: 1853
     0 | D:1      | 0 ||| qw: Melee chars always use a shield: true
     0 | D:1      | 0 ||| qw: God list: Okawaru
     0 | D:1      | 0 ||| qw: Allow faded altars: false
     0 | D:1      | 0 ||| qw: Do Orc after clearing Dungeon:15 true
     0 | D:1      | 0 ||| qw: Do second Lair branch before Depths: true
     0 | D:1      | 0 ||| qw: Lair rune preference: random
     0 | D:1      | 0 ||| qw: Goals: Normal
     0 | D:1      | 0 ||| PLANNING D:1-11
    81 | D:1      | Reached skill level 3 in Ranged Weapons
    81 | D:1      | Reached XP level 2. HP: 23/23 MP: 2/2
  1025 | D:1      | 1025 ||| UPGRADING to +0 leather armour.
  1035 | D:1      | 1035 ||| DROPPING +0 robe.
  1036 | D:1      | 1036 ||| UPGRADING to amulet of the acrobat.
  1041 | D:1      | 1041 ||| UPGRADING to +6 ring of dexterity.
  1042 | D:1      | 1042 ||| READING 2 scrolls labelled FEXZEGU LOGGE.
  1043 | D:1      | 1043 ||| READING scroll labelled BUERAN WUNECWA.
  1044 | D:1      | 1044 ||| READING scroll labelled XORARH SAMOSO.
  1045 | D:1      | 1045 ||| DRINKING 2 ruby potions.
  1046 | D:1      | 1046 ||| DROPPING scroll of poison.
  1080 | D:2      | Reached XP level 3. HP: 29/29 MP: 3/3
  1154 | D:2      | Reached skill level 4 in Ranged Weapons
  1341 | D:2      | 1341 ||| READING scroll of enchant weapon.
  1341 | D:2      | 1341 ||| ENCHANTING +2 sling of flaming.
  1645 | D:2      | 1645 ||| READING scroll labelled URHULIPILU.
  1646 | D:2      | 1646 ||| READING scroll labelled BASCHO ELAC.
  1647 | D:2      | 1647 ||| READING 2 scrolls of identify.
  1647 | D:2      | 1647 ||| IDENTIFYING sedimented brown potion
  1698 | D:3      | 1698 ||| PLANNING SEWER
  1831 | D:3      | Reached XP level 4. HP: 36/36 MP: 4/4
  2338 | D:3      | 2338 ||| RIP SEWER
  2339 | D:3      | 2339 ||| PLANNING D:1-11
  2422 | D:3      | 2422 ||| Stepping ~*~*~tactically~*~*~ (water).
  2463 | D:3      | 2463 ||| Stepping ~*~*~tactically~*~*~ (water).
  2475 | D:3      | 2475 ||| Stepping ~*~*~tactically~*~*~ (water).
  2511 | D:3      | Reached skill level 5 in Ranged Weapons
  2651 | D:3      | Found a radiant altar of Vehumet.
  2758 | D:3      | Reached skill level 3 in Fighting
  2758 | D:3      | Reached XP level 5. HP: 35/46 MP: 5/5
  2805 | D:3      | 2805 ||| UPGRADING to +0 pair of gloves.
  2810 | D:3      | 2810 ||| UPGRADING to +0 ring mail.
  2820 | D:3      | 2820 ||| DROPPING +0 leather armour.
  2821 | D:3      | 2821 ||| READING scroll labelled UPNIHO HAROF.
  2822 | D:3      | 2822 ||| READING scroll labelled ONEAWK GYKAKA.
  2823 | D:3      | 2823 ||| READING 2 scrolls of identify.
  2823 | D:3      | 2823 ||| IDENTIFYING clear potion
  2824 | D:3      | 2824 ||| DROPPING potion of ambrosia.
  2877 | D:4      | Reached skill level 1 in Armour
  2895 | D:4      | Reached XP level 6. HP: 29/52 MP: 6/6
  3031 | D:4      | Noticed an ice beast
  3039 | D:4      | Killed an ice beast
  3040 | D:4      | Reached skill level 6 in Ranged Weapons
  3567 | D:4      | Reached skill level 7 in Ranged Weapons
  3888 | D:4      | Reached XP level 7. HP: 59/59 MP: 7/7
  3890 | D:4      | 3890 ||| READING scroll labelled LEUBA FIOH.
  3891 | D:4      | 3891 ||| READING 2 scrolls of identify.
  3891 | D:4      | 3891 ||| IDENTIFYING murky amethyst potion
  3909 | D:5      | Entered Level 5 of the Dungeon
  3915 | D:5      | Reached skill level 3 in Dodging
  3953 | D:5      | 3953 ||| READING scroll of enchant armour.
  3953 | D:5      | 3953 ||| ENCHANTING +0 pair of gloves.
  4108 | D:5      | Found a staircase to the Ecumenical Temple.
  4109 | D:5      | 4109 ||| PLANNING TEMPLE
  4117 | D:5      | Reached skill level 8 in Ranged Weapons
  4126 | Temple   | Entered the Ecumenical Temple
  4130 | Temple   | 4130 ||| PLANNING OKAWARU WORSHIP
  4291 | Temple   | Became a worshipper of Warmaster Okawaru
  4292 | Temple   | 4292 ||| PLANNING D:1-11
  4475 | D:5      | Noticed Eustachio
  4493 | D:5      | 4493 ||| FLEEEEING.
  4494 | D:5      | 4494 ||| FLEEEEING.
  4499 | D:5      | 4499 ||| FLEEEEING.
  4500 | D:5      | 4500 ||| FLEEEEING.
  4501 | D:5      | 4501 ||| FLEEEEING.
  4502 | D:5      | 4502 ||| FLEEEEING.
  4510 | D:5      | Killed Eustachio
  4645 | D:5      | Reached XP level 8. HP: 68/68 MP: 8/8
  4986 | D:5      | 4986 ||| READING scroll of enchant armour.
  4986 | D:5      | 4986 ||| ENCHANTING +1 pair of gloves.
  5068 | D:5      | HP: 16/68 [gnoll sergeant/+0 trident (6)]
  5069 | D:5      | 5069 ||| DRINKING 5 potions of heal wounds.
  5071 | D:5      | 5071 ||| DRINKING 4 potions of heal wounds.
  5074 | D:5      | HP: 12/68 [gnoll sergeant/+0 trident (6)]
  5074 | D:5      | HP: 1/68 [gnoll sergeant/+0 trident (11)]
  5075 | D:5      | 5075 ||| DRINKING 3 potions of heal wounds.
  5076 | D:5      | 5076 ||| DRINKING 2 potions of heal wounds.
  5077 | D:5      | 5077 ||| DRINKING potion of heal wounds.
  5079 | D:5      | HP: 12/68 [gnoll sergeant/+0 trident (7)]
  5079 | D:5      | HP: 4/68 [wraith (8)]
  5079 | D:5      | Mangled by a gnoll sergeant

Levels and vault maps discovered:
D:1:      saegor_arrival_fortress, layout_loops_corners
D:2:      layout_basic, serial_curves, eino_curves_01, eino_curves_01
D:3:      layout_basic, fiery_altar_vehumet, gup_sewer_entry_spiral,
          cheibrodos_gnoll_hut
D:4:      layout_gridville, chequers_serial_rivers_micro_c,
          nicolae_grassy_gnolls
D:5:      lemuel_ice_spiral_2, layout_basic, minmay_temple_entry_slanted,
          minivault_26, minmay_small_thing, uniq_eustachio
Temple:   nicolae_temple_bog_church

Skill      XL: |  1  2  3  4  5  6  7 |
---------------+----------------------+-----
Ranged Weapons | 3 4 5 7 8 |  8.8
Fighting       | 2 3 4 5 |  5.2
Armour         | 1 2 |  2.2
Dodging        | 3 |  3.0
Spellcasting   | |  1.0
Hexes          | |  2.0

Action                     |  1- 3 |  4- 6 |  7- 9 || total
---------------------------+-------+-------+-------++-------
   Fire: Sling             |   113 |   136 |   130 ||   379
    Use: Scroll            |     7 |     3 |     4 ||    14
         Potion            |     1 |       |     5 ||     6
 Armour: Robe              |     5 |       |       ||     5
         Leather armour    |       |     2 |       ||     2
         Ring mail         |       |     9 |    32 ||    41
  Dodge: Dodged            |    23 |    37 |    52 ||   112

Table legend:
 A = Non-vault XP
 B = Vault XP
 C = Vault XP percentage of total XP
 D = Non-vault monster count
 E = Vault monster count
 F = Vault count percentage of total count
                 A         B        C        D         E       F
            +---------+---------+-------+---------+---------+-------
      Total |    1068 |     411 |  27.8 |     122 |      16 |  11.6
            +---------+---------+-------+---------+---------+-------
        D:1 |      38 |       0 |   0.0 |      24 |       0 |   0.0
        D:2 |      50 |       0 |   0.0 |      23 |       0 |   0.0
        D:3 |      30 |     126 |  80.8 |      17 |      10 |  37.0
        D:4 |     417 |      97 |  18.9 |      28 |       5 |  15.2
        D:5 |     533 |     188 |  26.1 |      30 |       1 |   3.2
            +---------+---------+-------+---------+---------+-------
